 Dungeon Crawl Stone Soup version 0.30-a0-358-g0d69a1922f (webtiles) character file.

Game seed: 1695084260794548766

982 Bnni the Poker (level 8, -5/71 HPs)
             Began as a Hill Orc Fighter on Nov 9, 2022.
             Was an Initiate of Yredelemnul.
             Slain by a steam dragon (6 damage)
             ... on level 6 of the Dungeon.
             The game lasted 00:10:30 (5106 turns).

Bnni the Poker (Hill Orc Fighter)                   Turns: 5106, Time: 00:10:31

Health: -5/71      AC: 11    Str: 21    XL:     8   Next: 17%
Magic:  10/10      EV:  7    Int:  8    God:    Yredelemnul [......]
Gold:   48         SH:  5    Dex: 10    Spells: 7/7 levels left

rFire   . . .      SeeInvis .    N - +1 trident (protect)
rCold   + . .      Faith    .    c - +0 buckler
rNeg    . . .      Spirit   .    K - +0 chain mail of the Maze {Slay+5}
rPois   .          Reflect  .    (no helmet)
rElec   .          Harm     .    (no cloak)
rCorr   .          Rampage  .    (no gloves)
Will    .....                    A - +1 pair of boots
Stlth   ..........               p - amulet of magic regeneration
HPRegen 0.31/turn                x - ring of flight
MPRegen 0.52/turn                B - ring of protection from cold

@: mighty, flying
A: no striking features
a: Renounce Religion, Recall Undead Harvest


You were on level 6 of the Dungeon.
You worshipped Yredelemnul.
Yredelemnul was noncommittal.
You visited 2 branches of the dungeon, and saw 7 of its levels.

You collected 285 gold pieces.
You spent 237 gold pieces at shops.

Inventory:

Hand Weapons
 v - a +0 sling
 N - a +1 trident of protection (weapon)
Missiles
 i - 5 boomerangs (quivered)
 n - a throwing net
 G - 4 atropa-tipped darts
 J - a javelin
Armour
 c - a +0 buckler (worn)
 A - a +1 pair of boots (worn)
 K - the +0 chain mail of the Maze (worn) {Slay+5}
   (You bought it in a shop on level 4 of the Dungeon)

   Slay:      It affects your accuracy & damage with ranged weapons and melee
   (+5).
Jewellery
 h - a ring of ice
 p - an amulet of magic regeneration (around neck)
 x - a ring of flight (left hand)
 B - a ring of protection from cold (right hand)
Wands
 L - a wand of flame (16)
 M - a wand of paralysis (3)
Scrolls
 g - a scroll of fear {unknown}
 k - a scroll of vulnerability {unknown}
 m - 2 scrolls of fog {unknown}
 o - a scroll of silence {unknown}
 q - a scroll of enchant armour {unknown}
 s - 2 scrolls of noise {unknown}
 w - a scroll of summoning {unknown}
 y - 6 scrolls of teleportation {unknown}
 C - 2 scrolls of poison {unknown}
 E - 2 scrolls of blinking {unknown}
 F - a scroll of immolation {unknown}
Potions
 e - a potion of attraction
 f - a potion of resistance
 j - a potion of brilliance
 l - a potion of heal wounds {unknown}
 r - 2 potions of haste
 t - a potion of mutation
 u - 2 potions of magic {unknown}
 z - 2 potions of curing {unknown}
 D - a potion of berserk rage {unknown}
 H - a potion of flight {unknown}
 I - 2 potions of invisibility {unknown}


   Skills:
 + Level 6.7 Fighting
 * Level 7.6 Polearms
 - Level 3.2 Armour
 - Level 5.0 Shields
 + Level 2.7 Invocations


You had 7 spell levels left.
You didn't know any spells.
Your spell library contained the following spells:

 Spells                   Type           Power      Damage    Failure   Level
 Beastly Appendage        Tmut           0%         N/A       99%         1
 Wereblood                Tmut           0%         N/A       100%        2
 Spider Form              Tmut/Pois      0%         N/A       100%        3


Dungeon Overview and Level Annotations

Branches:
Dungeon (6/15)             Temple (1/1) D:5

Altars:
Dithmenos
Fedhas
Gozag
Nemelex Xobeh
Okawaru
Trog
Uskayaw
Vehumet
Xom
Yredelemnul

Shops:
D:4 [[(   D:5 (


Message History

The steam dragon is severely wounded.
The steam dragon closely misses you.
The steam dragon claws you but does no damage.
You closely miss the steam dragon.
The steam dragon is severely wounded.
Your orc zombie barely misses the steam dragon.
The steam dragon breathes steam at you. The ball of steam hits you!
You are too injured to fight recklessly!
You are too injured to fight recklessly!
Unknown command.
You are too injured to fight recklessly!
You closely miss the steam dragon.
The steam dragon is severely wounded.
You are engulfed in a cloud of scalding steam.
* * * LOW HITPOINT WARNING * * *
The steam dragon bites you!
* * * LOW HITPOINT WARNING * * *
You block the steam dragon's attack.
Your orc zombie hits the steam dragon but does no damage.
The steam dragon bites your orc zombie!
Your orc zombie is destroyed!
You closely miss the steam dragon.
The steam dragon hisses angrily.
The steam dragon is severely wounded.
You are engulfed in a cloud of scalding steam.
You block the steam dragon's attack. x2
Your orc wizard zombie hits the steam dragon.
Unknown command.
You feel very mighty all of a sudden.
You are engulfed in a cloud of scalding steam.
* * * LOW HITPOINT WARNING * * *
The steam dragon bites you.
* * * LOW HITPOINT WARNING * * *
You block the steam dragon's attack.
Your orc wizard zombie misses the steam dragon.
The steam dragon attacks as you move away!
The steam dragon bites you.
You die...
Your body rises from the dead as a mindless zombie.

#.# # #.# . #§# ##.
#.# #.# #.# ##.##
#§# ....##
########.####
.....###.....ZZ§@..#
.......#.######D##.#
.....#.#.######S# #
...Z.............
.#<#####.#####....
.........# ##..#(
.Z#####..# #.#..#
..# #..# .### # .Z#
#...


You could see a steam dragon (ally target), an adder, a friendly orc zombie and
a friendly orc wizard zombie.

Vanquished Creatures
  Eustachio (D:4)
  An orc warrior (D:6)
  A black bear (D:5)
  A centaur (D:6)
  2 hounds
  An orc priest (D:6)
  3 iguanas (D:5)
  3 orc wizards (D:6)
  7 gnolls
  9 adders
  A shadow imp (D:5)
  2 white imps
  An ufetubus (D:5)
  3 worms
  A dart slug (D:3)
  14 orcs
  12 endoplasms
  3 giant cockroaches
  8 hobgoblins
  4 jackals (D:3)
  6 quokkas
  3 training dummies (D:5)
  10 ball pythons
  13 bats
  7 goblins
  9 kobolds
  6 rats
132 creatures vanquished.

Vanquished Creatures (collateral kills)
  An orc priest (D:6)
1 creature vanquished.

Vanquished Creatures (others)
  A hound zombie (D:6)
  2 orc zombies (D:6)
3 creatures vanquished.

Grand Total: 136 creatures vanquished

Notes
Turn   | Place    | Note
-------+----------+-------------------------------------------
     0 | D:1      | Bnni the Hill Orc Fighter began the quest for the Orb.
     0 | D:1      | Reached XP level 1. HP: 19/19 MP: 1/1
     6 | D:1      | Noticed a komodo dragon
     6 | D:1      | Noticed a five-headed hydra
     6 | D:1      | Noticed a water moccasin
     6 | D:1      | Noticed a hound
    85 | D:1      | You fall into a shaft and drop 1 floor!
   218 | D:1      | Reached XP level 2. HP: 27/27 MP: 2/2
   527 | D:1      | Reached skill level 3 in Polearms
   803 | D:2      | Reached XP level 3. HP: 33/33 MP: 3/3
   872 | D:2      | HP: 1/33 [frozen (5)]
  1105 | D:2      | Reached XP level 4. HP: 40/40 MP: 4/4
  1169 | D:2      | Reached skill level 4 in Polearms
  1663 | D:3      | Reached XP level 5. HP: 46/47 MP: 5/5
  1907 | D:3      | Found a faded altar of an unknown god.
  2483 | D:3      | Found a shimmering altar of Xom.
  2599 | D:4      | Found Vahetaak's Antique Armour Shoppe.
  2735 | D:4      | Found a blossoming altar of Fedhas.
  2806 | D:4      | Reached skill level 5 in Fighting
  2947 | D:4      | Found Robin's Weapon Emporium.
  2990 | D:4      | Reached XP level 6. HP: 56/56 MP: 6/6
  3041 | D:4      | Found Gech's Assorted Antiques.
  3058 | D:4      | Reached skill level 5 in Polearms
  3154 | D:4      | Noticed Eustachio
  3180 | D:4      | Killed Eustachio
  3460 | D:4      | Reached skill level 5 in Shields
  3460 | D:4      | Reached XP level 7. HP: 59/61 MP: 7/7
  3541 | D:4      | Found Vulibuf's Armour Boutique.
  3566 | D:5      | Entered Level 5 of the Dungeon
  3598 | D:5      | Found an opulent altar of Gozag.
  3737 | D:5      | Reached skill level 6 in Polearms
  3947 | D:5      | Found Edagh's Firing Range.
  4089 | D:5      | Found a shadowy altar of Dithmenos.
  4201 | D:5      | Found a staircase to the Ecumenical Temple.
  4210 | Temple   | Entered the Ecumenical Temple
  4314 | Temple   | Became a worshipper of Yredelemnul the Dark
  4631 | D:4      | Bought a shimmering chain mail for 237 gold pieces
  4631 | D:4      | Identified the +0 chain mail of the Maze {Slay+5} (You
                  | bought it in a shop on level 4 of the Dungeon)
  4772 | D:6      | Paralysed by something for 5 turns
  4779 | D:6      | Paralysed by something for 2 turns
  4783 | D:6      | Reached skill level 1 in Invocations
  4786 | D:6      | Reached skill level 7 in Polearms
  4803 | D:6      | Reached XP level 8. HP: 16/71 MP: 9/9
  5018 | D:6      | Reached * piety under Yredelemnul
  5022 | D:6      | Found a bloodstained altar of Trog.
  5105 | D:6      | HP: 1/71 [steam dragon (4)]
  5106 | D:6      | Slain by a steam dragon

Illustrated notes

Levels and vault maps discovered:
D:1:      onia_arrival_zoo_common, layout_loops_cross, minmay_misc_feat_alley,
          nicolae_titane
D:2:      layout_basic, st_stairs_11, minmay_tetromino_i4
D:3:      layout_basic, tgw_xom, shapermc_ecumenical_altar_mp_vishouse,
          kennysheep_nub
D:4:      layout_gridville, fedhas_altar_1, serial_shops, shop, shop, shop,
          nicolae_stop_n_shop_1, uniq_eustachio
D:5:      layout_basic, grunt_dithmenos_smoke, grunt_gozag_breadcrumbs,
          temple_pool_b, nicolae_shop_firing_range
D:6:      layout_loops_ring, chequers_temple_overflow_statue_of_worship,
          trog_three_pillars_becter
Temple:   nicolae_temple_figure_eight

Skill      XL: |  1  2  3  4  5  6  7 |
---------------+----------------------+-----
Polearms       | 3 4 5 7 |  7.6
Fighting       | 4 5 6 |  6.7
Shields        | 4 5 |  5.0
Invocations    | 2 |  2.7
Armour         | |  3.2

Action                   |  1- 3 |  4- 6 |  7- 9 || total
-------------------------+-------+-------+-------++-------
Melee: Trident           |    73 |   272 |   139 ||   484
       Dagger            |    64 |    25 |       ||    89
Throw: Throwing net      |       |       |     1 ||     1
  Use: Scroll            |       |     5 |     1 ||     6
       Potion            |       |       |     2 ||     2
 Stab: Distracted        |       |       |     1 ||     1
Armor: Scale mail        |    24 |       |       ||    24
       Chain mail        |    39 |   204 |    80 ||   323
Dodge: Dodged            |    52 |   118 |    32 ||   202
Block: Buckler           |    22 |    91 |    37 ||   150

Table legend: (Time is in decaauts)
 A = Elapsed time spent in this place.
 B = Non-inter-level travel time spent in this place.
 C = Inter-level travel time spent in this place.
 D = Time resting spent in this place.
 E = Time spent auto-exploring this place.
 F = Levels seen in this place.
 G = Mean time per level.
                   A        B        C        D        E       F      G
               +--------+--------+--------+--------+--------+-----+--------+
         Total |   5156 |   4977 |    179 |    174 |   3653 |   7 |  736.6 |
       Dungeon |   5026 |   4871 |    155 |    174 |   3554 |   6 |  837.7 |
        Temple |    129 |    105 |     24 |      0 |     99 |   1 |  129.0 |
               +--------+--------+--------+--------+--------+-----+--------+

Top non-repeatable levels by time:
     D:4: 1044 daAuts
     D:5: 981 daAuts
     D:3: 919 daAuts
     D:2: 851 daAuts
     D:1: 817 daAuts
     D:6: 412 daAuts
  Temple: 129 daAuts
